Cogmind - Beta 14 @@@ ROGUE MODE // 2025.03.24 @ 19:23:02 Player: nitr0gen Result: Destroyed by Y-45 Defender with Heavy Assault Rifle Performance ------------- Evolutions (1) 500 Regions Visited (3) 600 Robots Destroyed (27) 135 Value Destroyed (787) 787 Prototype IDs (0) 0 Alien Tech Used (0) 0 Bonus (0) 0 TOTAL SCORE: 2022 Bonus ------- None Cogmind --------- Core Integrity 0/400 Matter 294/300 Energy 125/125 System Corruption 2% Temperature Cool (9) Movement Walking (120) Location -9/Materials Parts ------- > --- POWER (1) -------- Light Ion Engine (fused) > --- PROPULSION (3) --- Aluminum Leg Aluminum Leg > --- UTILITY (2) ------ Heat Sink Power Shielding > --- WEAPON (3) ------- Small Laser Beam Rifle Heavy Assault Rifle > --- INVENTORY (5) ---- (None) Peak State ------------ > --- POWER ------------ Ion Engine > --- PROPULSION ------- Aluminum Leg Aluminum Leg Aluminum Leg > --- UTILITY ---------- Small Storage Unit Weapon Shielding > --- WEAPON ----------- Medium Laser Medium Laser Small Laser > --- INVENTORY -------- Aluminum Leg Aluminum Leg Weapon Shielding EM Shotgun EM Shotgun Medium Laser Particle Gun [Rating: 10] Favorites ----------- Power Ion Engine Engine Ion Engine Propulsion Aluminum Leg Treads Light Treads Leg Aluminum Leg Wheel Wheel Utility Small Storage Unit Device Heat Sink Storage Small Storage Unit Protection Weapon Shielding Weapon Small Laser Energy Gun Small Laser Ballistic Gun Heavy Assault Rifle Build | -11 -10 -10 -9 ------- Run | Yrd Mat Min Mat Slots Evolved 2 | . . . 2 Power . | . . . . Propulsion 1 | . . . 1 Utility . | . . . . Weapon 1 | . . . 1 Parts Attached 42 | 6 12 . 24 Power 6 | 1 2 . 3 Engine 6 | 1 2 . 3 Core . | . . . . Reactor . | . . . . Propulsion 16 | 2 6 . 8 Treads 1 | . . . 1 Leg 12 | . 5 . 7 Wheel 3 | 2 1 . . Hover . | . . . . Flight . | . . . . Utility 6 | 1 2 . 3 Device 2 | . 1 . 1 Storage 1 | 1 . . . Processor . | . . . . Hackware . | . . . . Protection 3 | . 1 . 2 Artifact . | . . . . Weapon 14 | 2 2 . 10 Energy Gun 13 | 2 2 . 9 Energy Cannon . | . . . . Ballistic Gun 1 | . . . 1 Ballistic Cannon . | . . . . Launcher . | . . . . Special Weapon . | . . . . Impact Weapon . | . . . . Slashing Weapon . | . . . . Piercing Weapon . | . . . . Special Melee Weapon . | . . . . Unidentified Prototypes . | . . . . Corrupted Parts 2 | . 1 . 1 System Corruption 2 | . 1 . 1 Parts Lost 23 | . 6 . 17 Power 4 | . 2 . 2 Propulsion 6 | . 1 . 5 Utility 4 | . 1 . 3 Weapon 9 | . 2 . 7 Highest Loss Streak 16 | . 3 . 16 To Critical Strikes . | . . . . Average Slot Usage (%) 84 | . 84 85 83 Engine 9 | . 10 . 9 Treads 2 | . . . 4 Leg 21 | . 20 28 22 Wheel 3 | . 7 . . Device 4 | . 3 . 5 Storage 9 | . 14 14 4 Protection 5 | . 2 14 6 Energy Gun 27 | . 24 28 29 Peak Build Rating 10 | 6 7 6 10 Average Rating 7 | 3 5 6 8 On Entrance 4 | . 6 6 6 Naked Turns . | . . . . Heaviest Build 16 | 13 13 9 16 Greatest Support 30 | 20 20 20 30 Greatest Overweight (x) 2 | 2 . . 2 Average Overweight (x) . | . . . . Largest Inventory Capacity 8 | 8 8 8 8 Average Capacity 7 | 5 8 8 6 Most Carried 8 | 2 6 4 8 Average Carried 2 | . 1 4 2 Final Capacity 8 | 8 8 8 5 Final Carried 4 | . 4 4 . Class Distribution -------------------- 47% | Mutant 15% | Scavenger-Mutant 14% | Tank 13% | Scavenger-Gunner 6% | Scavenger-Tank Dominant Class ---------------- Mutant | -10/Materials Mutant | -10/Mines Tank | -9/Materials Resources | -11 -10 -10 -9 ----------- Run | Yrd Mat Min Mat Matter Collected 610 | 141 202 20 247 Remotely . | . . . . Salvage Created 947 | . 278 . 669 Parts 53 | . 16 . 37 Haulers Intercepted . | . . . . Recyclers Shooed . | . . . . Parts Field Recycled . | . . . . Retrieved Matter . | . . . . Parts Self-Destructed . | . . . . Prevented . | . . . . Kills | -11 -10 -10 -9 ------- Run | Yrd Mat Min Mat Combat Hostiles Destroyed 22 | . 8 . 14 Guns 19 | . 8 . 11 AOE 3 | . . . 3 Classes Destroyed 5 | . 3 . 2 Builder 1 | . . . 1 Watcher 4 | . 1 . 3 Swarmer 5 | . 2 . 3 Grunt 13 | . 6 . 7 Sentry 4 | . . . 4 Best Kill Streak 4 | . 2 . 4 Combat Bots Only 3 | . 2 . 3 Max Kills in Single Turn 4 | . 1 . 4 Gunslinging . | . . . . Exploded 3 | . . . 3 Melee . | . . . . Uniques/NPCs Destroyed . | . . . . Combat | -11 -10 -10 -9 -------- Run | Yrd Mat Min Mat Hostile Shots Fired 291 | . 91 . 200 Missed 77 | . 30 . 47 Damage Taken 2553 | . 651 . 1902 Core 514 | . 114 . 400 Absorbed by Shields . | . . . . Redirected to Shielding 101 | . . . 101 Core Remaining (%) 77 | 100 . 54 . Volleys Fired 101 | . 44 . 57 Largest 3 | . 2 . 3 Hottest 160 | . 90 . 160 Shots Fired 204 | . 67 . 137 Gun 204 | . 67 . 137 Cannon . | . . . . Launcher . | . . . . Special . | . . . . Kinetic 2 | . . . 2 Thermal 188 | . 55 . 133 Explosive . | . . . . Electromagnetic 14 | . 12 . 2 Robot Hit Streak 14 | . 8 . 14 Robot Miss Streak 9 | . 9 . 4 Penetration Max . | . . . . Secondary Targets 3 | . . . 3 Max Gunslinging Chain 1 | . . . 1 Shots Hit Robots 136 | . 38 . 98 Core Hits 53 | . 18 . 35 Critical Kills . | . . . . Critical Parts Destroyed . | . . . . Critical Strikes 7 | . 1 . 6 Burn 7 | . 1 . 6 Melee Attacks . | . . . . Impact . | . . . . Slashing . | . . . . Piercing . | . . . . Sneak Attacks . | . . . . Combat Hostiles . | . . . . Follow-up Attacks . | . . . . Damage Inflicted 2050 | . 533 . 1517 Guns 1822 | . 529 . 1293 Cannons . | . . . . Explosions 222 | . . . 222 Melee . | . . . . Ramming 6 | . 4 . 2 Kinetic . | . . . . Thermal 1707 | . 448 . 1259 Explosive . | . . . . Electromagnetic 337 | . 81 . 256 Impact . | . . . . Slashing . | . . . . Piercing . | . . . . Highest Corruption 2 | . 1 1 2 Average Corruption 1 | . 1 1 1 Corruption Purged . | . . . . Corruption Blocked . | . . . . Effects 10 | . 7 . 3 Matter Fused 3 | . 1 . 2 Heat Flow Errors 2 | . 2 . . Energy Discharges 1 | . 1 . . Parts Fused 1 | . . . 1 Data Loss (minor) 1 | . 1 . . Misfires 1 | . 1 . . Alerts 1 | . 1 . . Overload Shots . | . . . . Overflow Damage . | . . . . Projectiles . | . . . . Explosions . | . . . . Melee . | . . . . Knockbacks . | . . . . Impact . | . . . . Kinetic . | . . . . Secondary . | . . . . Self-Inflicted Damage 51 | . . . 51 Shots 2 | . . . 2 Rammed 2 | . . . 2 Targets Rammed 5 | . 3 . 2 Kicked 3 | . 3 . . Crushed . | . . . . Highest Temperature 433 | . 249 . 433 Average Temperature 124 | . 71 . 152 Received Heat Transfer 1311 | . 312 . 999 Effects 7 | . . . 7 Energy Bleed 2 | . . . 2 Interference 1 | . . . 1 Matter Decay 1 | . . . 1 Short Circuit 3 | . . . 3 Siege Activations . | . . . . Robots Corrupted . | . . . . Combat Hostiles . | . . . . Parts Fried . | . . . . Impact Corruptions . | . . . . Robots Melted . | . . . . Combat Hostiles . | . . . . Parts Melted 14 | . 2 . 12 Heat Transferred 4930 | . 1158 . 3772 Parts Sabotaged . | . . . . Parts Stolen . | . . . . Parts Stripped . | . . . . Power Chain Reactions . | . . . . Alert | -11 -10 -10 -9 ------- Run | Yrd Mat Min Mat Peak Influence 281 | . 186 19 281 Initial 19 | . . 19 7 Average 105 | . 78 19 153 Maximum Alert Level 1 | . . . 1 Low Security (%) 83 | 100 100 100 63 Level 1 16 | . . . 36 Level 2 . | . . . . Level 3 . | . . . . Level 4 . | . . . . Level 5 . | . . . . High Security . | . . . . Max Security . | . . . . Squads Dispatched 4 | . 2 . 2 Investigation 3 | . 1 . 2 Extermination . | . . . . Reinforcement 1 | . 1 . . Assault . | . . . . Garrison . | . . . . Intercept . | . . . . Searches Triggered . | . . . . Construction Impeded . | . . . . Haulers Reinforced . | . . . . Active Scanning Responses . | . . . . Cargo Convoy Interrupts . | . . . . Stealth | -11 -10 -10 -9 --------- Run | Yrd Mat Min Mat Distress Signals 2 | . . . 2 Communications Jammed . | . . . . Distress Signals . | . . . . Times Spotted 47 | . 16 2 29 Peak Tracking Total 8 | . 4 2 8 Tactical Retreats 5 | . 1 . 4 Traps | -11 -10 -10 -9 ------- Run | Yrd Mat Min Mat Traps Triggered 1 | . 1 . . Indirectly . | . . . . Trap Hack Attempts . | . . . . Triggered . | . . . . Disarmed . | . . . . Reprogrammed . | . . . . Reused . | . . . . Traps Extracted . | . . . . Installed . | . . . . Triggered . | . . . . Machines | -11 -10 -10 -9 ---------- Run | Yrd Mat Min Mat Machines Disabled 2 | . . . 2 Max in Single Turn 2 | . . . 2 Machines Repaired . | . . . . Machines Dismantled . | . . . . Machines Sabotaged . | . . . . Overloaded Fab Kills . | . . . . Hacking | -11 -10 -10 -9 --------- Run | Yrd Mat Min Mat Machines Accessed 5 | . 3 . 2 Terminals 4 | . 3 . 1 Fabricators . | . . . . Repair Stations . | . . . . Recycling Units . | . . . . Scanalyzers 1 | . . . 1 Garrison Access . | . . . . Total Hacks 18 | . 9 . 9 Successful 17 | . 8 . 9 Failed 1 | . 1 . . Catastrophic 1 | . 1 . . Database Lockouts . | . . . . Manual . | . . . . Terminals 13 | . 9 . 4 Fabricators . | . . . . Repair Stations . | . . . . Recycling Units . | . . . . Scanalyzers 5 | . . . 5 Garrison Access . | . . . . Terminal Hacks 12 | . 8 . 4 Record 11 | . 7 . 4 Robot Analysis 1 | . 1 . . Fabricator Hacks . | . . . . Repair Station Hacks . | . . . . Recycling Unit Hacks . | . . . . Scanalyzer 5 | . . . 5 Insert Component 3 | . . . 3 Analyze 2 | . . . 2 Garrison Access Hacks . | . . . . Unauthorized Hacks . | . . . . Terminals . | . . . . Fabricators . | . . . . Repair Stations . | . . . . Recycling Units . | . . . . Scanalyzers . | . . . . Garrison Access . | . . . . Data Cores Recovered . | . . . . Used . | . . . . Hacking Detections 4 | . 2 . 2 Full Trace Events 3 | . 1 . 2 Feedback Events . | . . . . Feedback Blocked . | . . . . Robot Schematics Acquired . | . . . . Robots Built . | . . . . Authchips . | . . . . Time . | . . . . Total Robot Build Rating . | . . . . Part Schematics Acquired 2 | . . . 2 Parts Built . | . . . . Authchips . | . . . . Time . | . . . . Total Part Build Rating . | . . . . Parts Repaired . | . . . . Time . | . . . . Parts Recycled . | . . . . Recycled Matter . | . . . . Retrieved Matter . | . . . . Retrieved Components . | . . . . Parts Scanalyzed 2 | . . . 2 Part Schematics Acquired 2 | . . . 2 Parts Damaged . | . . . . Bothacking | -11 -10 -10 -9 ------------ Run | Yrd Mat Min Mat Used RIF Installer . | . . . . Robots Hacked . | . . . . Non-combat . | . . . . Combat . | . . . . Robot Hacks Applied . | . . . . Relay Couplers Released . | . . . . Fabnet Peak Effective % . | . . . . Robots Rewired . | . . . . Allies Hacked . | . . . . Hacks Repelled . | . . . . Allies | -11 -10 -10 -9 -------- Run | Yrd Mat Min Mat Total Allies . | . . . . Largest Group . | . . . . Highest-Rated Group . | . . . . Highest-Rated Ally . | . . . . Total Orders . | . . . . Ally Attacks . | . . . . Total Damage . | . . . . Kills . | . . . . Allies Corrupted . | . . . . Allies Melted 1 | . . 1 . Intel | -11 -10 -10 -9 ------- Run | Yrd Mat Min Mat Robot Analysis Total 1 | . 1 . . Derelict Logs Recovered 1 | . . 1 . Drone Launches . | . . . . Drone Recoveries . | . . . . Exploration | -11 -10 -10 -9 ------------- Run | Yrd Mat Min Mat Turns Passed 1551 | 54 641 135 721 Spaces Moved 1015 | 43 465 113 394 Core 26 | 25 . . 1 Treads 7 | . . . 7 Legs 818 | . 319 113 386 Wheels 164 | 18 146 . . Hover . | . . . . Flight . | . . . . Fastest Speed 50 | 50 80 120 120 Average Speed 113 | 97 107 120 121 Slowest Speed 190 | 150 120 120 190 Overloaded Moves . | . . . . Propulsion Burnouts . | . . . . Robots Hopped . | . . . . Cave-ins Triggered . | . . . . Exploration Rate (%) 39 | 4 67 36 49 Regions Visited 3 Branch Regions 1 Pre-discovered Areas 1 | . . 1 . Known Exits Taken . | . . . . Unknown Exits Taken 3 | 1 1 1 . Scrap Searched 1 | . . 1 . Spaces Dug . | . . . . Terrain Destroyed . | . . . . Melee . | . . . . Projectile . | . . . . AOE . | . . . . Terrain Rammed . | . . . . Walls Destroyed . | . . . . Machines Disabled . | . . . . Actions | -11 -10 -10 -9 --------- Run | Yrd Mat Min Mat Total 1233 | 54 541 112 526 Wait 20 | . . . 20 Move 1012 | 42 464 112 394 Hop . | . . . . Pick Up 43 | 6 15 . 22 Fast Attach . | . . . . Attach 41 | 6 11 . 24 Detach . | . . . . Swap 1 | . 1 . . Drop 10 | . 3 . 7 Fire 101 | . 44 . 57 Melee . | . . . . Ram 2 | . . . 2 Kick 3 | . 3 . . Crush . | . . . . Escape Stasis . | . . . . Rewire . | . . . . Trap . | . . . . Miscellaneous . | . . . . Route ------- -11/Scrapyard -10/Materials (discovered 3 exits: *Mat / [*Min x2]) -10/Mines -9/Materials (discovered 2 exits: [*Mat x2]) History --------- Turn | Location | Event 4 | -11/Scrapyard | Discovered new exit (range 15) 55 | -11/Scrapyard | Entered Materials 104 | -10/Materials | Discovered new exit (range 16) 182 | -10/Materials | Discovered new exit (range 15) 309 | -10/Materials | Build established: Mutant 395 | -10/Materials | Discovered new exit (range 16) 604 | -10/Materials | Lost 3 parts (1p1u1w) 696 | -10/Materials | Entered Mines 710 | -10/Mines | Met a Derelict bent on vengeance 822 | -10/Mines | Learned location of Mines (-9) 825 | -10/Mines | Discovered new exit (range 6) 831 | -10/Mines | Entered Materials 831 | -9/Materials | Evolved 2 slots: Propulsion x1, Weapon x1 1127 | -9/Materials | Core integrity fell below 50% 1176 | -9/Materials | Core integrity fell below 20% 1219 | -9/Materials | Lost 16 parts (2p5n3u6w) 1384 | -9/Materials | Discovered new exit (range 9) 1551 | -9/Materials | Discovered new exit (range 15) 1552 | -9/Materials | Destroyed by Y-45 Defender with Heavy Assault Rifle Last Messages --------------- Acquired Power Shielding. Beam Rifle destroyed. Y-45 Defender suffers critical hit (Burn). Heat Sink melted. Hvy. Assault Rifle melted. Heat Sink melted. Y-45 Defender destroyed. Acquired 5 matter. Dropped Lgt. Treads. Acquired 10 matter. S-10 Pest destroyed. Neutrino Reactor explodes. Door malfunctions. S-10 Pest destroyed. U-05 Engineer destroyed. S-10 Pest destroyed. U-05 Engineer lays Concrete. System corrupted: Lgt. Ion Engine fused. U-05 Engineer lays Concrete. EXIT=FOUND Map ----- +----------------------------------------------------+ | ?????????????????????????????????????# | | ?????????????????????????????????????# | | ?????????????????????????????????????# | | ?????????????????????????????????????# | | ?????????????????????????????????????# | | ???????????????????????????????????#### | | ???????????????????????????????????# | | ???????????????????????????????????# | | ???????????????????????????????????# | | ???????????????????????????????????# | | ????????????? < ???????????????????# | | ????????????? ???????????????????# | | ????????????? ???????????????????# | | ????????????? ???????????????????/ | | ????????????? ???????????????????#### | | ????????????? ???????????############ | | ????????????? Y ??????????? | | ????????????? ?????????? | | ????????????? ?????????? | | ?????????????# #?????????? | | ?????????????# #?????????? | | ?????????????# #?????????????########## | | ?????????????# #??????????????????????# | | ?????????????# #??????????????????????# | | ?????????????#/#########??????????????# | | ?????????????#@ = #??????????????# | | ???########??# #??????????????# | | ???# !#??# ! #??????????????# | | ???#""" #??# #??????????????# | | ???#""" #### #??????????????# | | ???#""" # #= #??????????????# | | ???#""" # + = #??????????????# | | ???# + # #??????????????# | | ########### #######+#####????????????# | | # # ???????????# | | # # ???????????# | | # # ###??????????????# | | # """ """ + #????????????????# | | # """ """ # #????????????????# | | # """ """ # ################## | | # # ![%!! ^ | | # # %%* | | ########### """ =%| """ """ | | ??????????# """ """ """ | | ???######## """ = """ """ | | ???# # % | | ???# """ # = ^ | | ???# """ + ##/#########+#### | | ???# """ # ########## ???# | | ???# # #????????? ??# "" """ | +----------------------------------------------------+ Best States ------------- Heat Dissipation 38 Energy Generation 12 Energy Capacity 265 Matter Stores 300 Matter Capacity 300 Sight Range 16 Terrain Scan Density 10 Power Shielding 33 Weapon Shielding 33 Evasion (%) 55 Recoil Reduction 1 Item Schematics ----------------- Med. Laser | -9/Materials | Scanalyzed Weapon Shielding | -9/Materials | Scanalyzed Robot Schematics ------------------ None Fabricated ------------ Nothing Alien Tech Used ----------------- None Achievements -------------- None Challenges ------------ None Game ------ Seed MolecularBarrageMaul Manual? 0 Play Time 00:18:32 Cumulative 3.0 hours Start 2025.03.24 @ 19:05:29 End 2025.03.24 @ 19:23:02 Sessions 1 Manual Loads 0 Difficulty Rogue Special Mode None Game No. 11 Rogue 11 Adventurer 0 Explorer 0 Win Type - Total 0 Types 0/0/0/0/0/0/0/0/0 Lore% 6 Gallery% 7 Achievement% 8 Wizard Run 0 Options --------- Layout 1 ASCII 0 Keyboard 0 Movement Mouse Keybinds 0 Fullscreen 1 Font 32/SmallcapsGlow Map View 50x35 Zoom Use 0% Tactical HUD 0 Map Filters NONE Filters NONE Steam 1 RUN: 55da989b-49a3-4793-a30b-15ffbd41df79